 Dungeon Crawl Stone Soup version 0.13-a0-2538-gc238810 (webtiles) character file.

228 Juliette the Skirmisher (level 4, 0/40 HPs)
             Began as a Hill Orc Fighter on July 28, 2013.
             Was an Initiate of Beogh.
             Slain by an orc priest
             ... wielding a -1,+1 orcish flail
              (3 damage)
             ... on Level 3 of the Dungeon.
             The game lasted 00:10:12 (1648 turns).

Juliette the Skirmisher (Hill Orc Fighter)          Turns: 1648, Time: 00:10:13

HP   0/40        AC  8     Str 19      XL: 4   Next: 68%
MP  12/12        EV  6     Int  8      God: Beogh [......]
Gold 131         SH  0     Dex 10      Spells:  0 memorised,  3 levels left

Res.Fire  : . . .   See Invis. : .   q - +0,+1 mace
Res.Cold  : . . .   Warding    : .   b - +0 orc scale mail
Life Prot.: . . .   Conserve   : .   c - +0 orc shield
Res.Poison: .       Res.Corr.  : .   k - +0 spiked helmet
Res.Elec. : .       Clarity    : .   (no cloak)
Sust.Abil.: . .     Spirit.Shd : .   (no gloves)
Res.Mut.  : .       Stasis     : .   (no boots)
Res.Rott. : .       Flight     : .   y - amulet of rage
Saprovore : + . .                    A - ring of regeneration
                                     u - ring of magical power

@: confused, slightly resistant to hostile enchantments, extremely unstealthy
A: saprovore 1
a: Renounce Religion, Evoke Berserk Rage


You were on level 3 of the Dungeon.
You worshipped Beogh.
Beogh was pleased with you.
You were not hungry.

You visited 1 branch of the dungeon, and saw 3 of its levels.

You collected 111 gold pieces.

Inventory:

Hand weapons
 a - a +0,+0 orcish mace
 h - a +2,+0 elven whip
 q - a +0,+1 mace (weapon)
Armour
 b - a +0 orcish scale mail (worn)
 c - a +0 orcish shield (worn)
 k - a +0 spiked helmet (worn)
Magical devices
 z - a wand of slowing (13) {unknown}
Comestibles
 d - 2 meat rations
 f - a rambutan
 i - an apple
 p - a rotting chunk of bat flesh
 t - a bread ration
 w - 15 sultanas
 B - a rotting chunk of giant newt flesh
 C - a chunk of hobgoblin flesh
Scrolls
 e - a scroll of identify {unknown}
 g - 4 scrolls of remove curse {unknown}
 m - a scroll of curse weapon {unknown}
 n - a scroll of enchant armour {unknown}
 o - a scroll of teleportation {unknown}
Jewellery
 u - a ring of magical power (left hand)
 y - an amulet of rage (around neck)
 A - a ring of regeneration (right hand)
Potions
 l - 2 potions of curing
 s - 4 potions of heal wounds {unknown}
 v - a potion of degeneration {unknown}
 x - a potion of restore abilities {unknown}


   Skills:
 - Level 4.0 Fighting
 * Level 3.8 Maces & Flails
 - Level 4.0 Armour
 - Level 4.0 Shields


You had 3 spell levels left.
You didn't know any spells.

Dungeon Overview and Level Annotations

Branches:
Dungeon (3/27)

Altars:


Innate Abilities, Weirdness & Mutations

You can tolerate rotten meat.


Message History

Beogh accepts your kill.
You hit the orc priest but do no damage.
The orc priest picks up an orcish flail.
The orc priest wields an orcish flail.
You block the orc priest's attack.
You closely miss the orc priest.
The orc priest calls down the wrath of Beogh upon you.
Pain shoots through your body!
You hit the orc priest but do no damage.
The orc priest hits you but does no damage.
You hit the orc priest but do no damage.
The orc priest hits you but does no damage.
You hit the orc priest but do no damage.
The orc priest calls down the wrath of Beogh upon you.
Something smites you!
* * * LOW HITPOINT WARNING * * *
Drink which item? (? for menu, Esc to quit)
You are confused.
It was a potion of confusion.
The orc priest hits you with an orcish flail.
You die...

### #.###############
#.......@o......#
#.#.#############.#
#.#.#...........#
#.#...........#.#
#.###.#######.#.# #.# #.#
#.#.#.# #.# #.# #<#.#.# #.#
#.# #.#.#.#
#######.###.#####.#.#.#.#.#.#


You could see an orc priest.

Vanquished Creatures
  An orc wizard (D:3)
  An adder (D:2)
  A worm (D:2)
  2 giant geckos
  4 orcs (D:3)
  A giant cockroach (D:1)
  5 goblins
  5 hobgoblins
  7 kobolds
  2 quokkas (D:2)
  2 ball pythons (D:2)
  5 bats
  5 giant newts
  3 jackals (D:1)
  3 rats
47 creatures vanquished.

Vanquished Creatures (others)
  An adder (D:3)
1 creature vanquished.

Grand Total: 48 creatures vanquished

Notes
Turn   | Place    | Note
--------------------------------------------------------------
     0 | D:1      | Juliette, the Hill Orc Fighter, began the quest for the Orb.
     0 | D:1      | Reached XP level 1. HP: 19/19 MP: 0/0
   117 | D:1      | Reached skill level 4 in Fighting
   346 | D:1      | Reached XP level 2. HP: 27/27 MP: 1/1
   771 | D:1      | Reached XP level 3. HP: 33/33 MP: 2/2
  1272 | D:2      | Reached XP level 4. HP: 40/40 MP: 3/3
  1556 | D:3      | Became a worshipper of Beogh the Brigand
  1647 | D:3      | HP: 2/40 [orc priest/divine providence (14)]
  1648 | D:3      | Slain by an orc priest

Action                   |  1- 3 |  4- 6 || total
-------------------------+-------+-------++-------
Melee: Mace              |   116 |    43 ||   159
Invok: Convert to Beogh  |       |     1 ||     1
  Use: Potion            |       |     2 ||     2
